 Dungeon Crawl Stone Soup version 0.26-a0-712-ga5a9c9c9d0 (webtiles) character file.

Game seed: 9193467767906938062

610 kae the Changer (level 7, -2/62 HPs)
             Began as a Naga Transmuter on Nov 3, 2020.
             Slain by a phantom (7 damage)
             ... on level 4 of the Dungeon.
             The game lasted 00:03:25 (5412 turns).

kae the Changer (Naga Transmuter)                   Turns: 5412, Time: 00:03:26

Health: -2/62      AC:  2    Str: 14    XL:     7   Next: 43%
Magic:  7/10       EV: 19    Int: 14    God:
Gold:   232        SH:  0    Dex: 14    Spells: 6/10 levels left

rFire    . . .     SeeInvis +     - Unarmed
rCold    . . .     Faith    .   (shield currently unavailable)
rNeg     . . .     Spirit   .   (armour currently unavailable)
rPois    x         Reflect  .   (helmet currently unavailable)
rElec    .         Harm     .   (cloak currently unavailable)
rCorr    .         Rampage  .   (gloves currently unavailable)
MR       .....                  (no barding)
Stlth    +.........             (no amulet)
HPRegen  0.20/turn              (no ring)
MPRegen  0.12/turn              (no ring)

@: spider-form (expiring)
A: tiny, see invisible, clumsy 1, robust 1, spit poison 1, AC +2
a: Spit Poison, End Transformation


You were on level 4 of the Dungeon.
You were a venomous arachnid creature.
You visited 1 branch of the dungeon, and saw 5 of its levels.

You collected 232 gold pieces.

Inventory:

Armour
 a - a +0 robe (melded)
 i - a +0 pair of gloves (melded)
 p - a +2 cloak of poison resistance (melded)
 u - a +1 hat (melded)
Jewellery
 c - an uncursed amulet of magic regeneration {unknown}
Wands
 m - a wand of polymorph (8)
Scrolls
 b - 10 scrolls of identify {unknown}
 e - a scroll of magic mapping {unknown}
 g - 2 scrolls of remove curse {unknown}
 j - a scroll of teleportation {unknown}
 k - a scroll of random uselessness {unknown}
 l - 4 scrolls of enchant armour {unknown}
 o - 2 scrolls of blinking {unknown}
 s - a scroll of noise {unknown}
 x - a scroll of enchant weapon {unknown}
Potions
 d - a potion of mutation
 f - 3 potions of curing {unknown}
 h - a potion of flight {unknown}
 n - 2 potions of berserk rage {unknown}
 q - a potion of heal wounds {unknown}
 r - a potion of stabbing {unknown}
 t - a potion of might {unknown}
 v - a potion of brilliance {unknown}
 w - a potion of haste {unknown}
 z - a potion of magic {unknown}


   Skills:
 - Level 1.0 Fighting
 - Level 1.5 Dodging
 + Level 5.1 Unarmed Combat
 - Level 2.0 Spellcasting
 * Level 6.3 Transmutations
 - Level 3.0 Poison Magic


You had 6 spell levels left.
You knew the following spells:

 Your Spells              Type           Power        Failure   Level
a - Beastly Appendage     Tmut           ###...       8%          1
b - Spider Form           Tmut/Pois      ##........   26%         3

Your spell library contained the following spells:

 Spells                   Type           Power        Failure   Level
 Wereblood                Tmut           ###.....     10%         2
 Blade Hands              Tmut           ###.......   65%         5
 Ice Form                 Ice/Tmut       ##......     75%         4


Dungeon Overview and Level Annotations

Branches:
Dungeon (5/15)
 Temple: D:4-7

Altars:
Fedhas
Kikubaaqudgha
Trog

Annotations:
D:5 Dowan, Duvessa


Innate Abilities, Weirdness & Mutations

You cannot wear boots.
((Your serpentine skin is tough. (AC +2)))
You have supernaturally acute eyesight. (SInv)
((Armour fits poorly on your strangely shaped body.))
((Your system is resistant to poisons. (rPois)))
((You cover ground very slowly.))
You can spit poison.
You are clumsy. (Dex -2)
You are robust. (+10% HP)


Message History

You hit the phantom.
The phantom is moderately damaged.
The phantom completely misses you.
You hit the phantom.
The phantom is moderately damaged.
Your transformation is almost over.
The phantom closely misses you.
You hit the phantom.
The phantom is heavily damaged.
The phantom hits you.
* * * LOW HITPOINT WARNING * * *
Okay, then.
You completely miss the phantom.
The phantom is heavily damaged.
The phantom hits you.
* * * LOW HITPOINT WARNING * * *
It was a potion of mutation.
You feel extremely strange.
You feel clumsy.
You feel robust. The phantom hits you!
You die...

.# #....†.............#.#. .#
########.#...........## .#
#.####.####.##.. .# #.# #.#
#.##.# .####### #.# #.#
#.##.# .......# #.####.#
#.##.# .####<.# #......#
#.##.# .#
#..###########..###.# #.##.#
.# #>..........sW......#
#.##.# .#
#####.########..###.####.##.#
.# #.# #...........##.# ##
#.# #..###.........# # #.#
#>)# ########### # #.#
#####†.# #.# #......# #.#
#.####.# #.####.####.#


You could see a phantom.

Vanquished Creatures
  An ogre (D:4)
  A scorpion (D:4)
  A howler monkey (D:5)
  2 centaur skeletons (D:4)
  Crazy Yiuf (D:2)
  A hound (D:5)
  A jelly (D:3)
  Jessica (D:3)
  2 worker ants (D:4)
  Robin (D:2)
  4 gnolls (D:2)
  A howler monkey skeleton (D:4)
  5 adders
  An ufetubus (D:4)
  2 oozes
  A worm (D:3)
  3 dart slugs
  3 leopard geckos
  3 orcs
  8 giant cockroaches
  15 goblins
  5 hobgoblins
  6 jackals (D:3)
  5 quokkas
  2 ball pythons
  4 bats
  5 frilled lizards
  5 kobolds
  A quokka skeleton (D:4)
  7 rats
98 creatures vanquished.

Notes
Turn   | Place    | Note
-------+----------+-------------------------------------------
     0 | D:1      | kae the Naga Transmuter began the quest for the Orb.
     0 | D:1      | Reached XP level 1. HP: 18/18 MP: 3/3
   263 | D:1      | Reached XP level 2. HP: 25/25 MP: 3/5
   888 | D:1      | Reached skill level 3 in Transmutations
   888 | D:1      | Reached XP level 3. HP: 12/31 MP: 4/6
  1085 | D:1      | Learned a level 3 spell: Spider Form
  1630 | D:2      | Reached skill level 1 in Poison Magic
  1736 | D:2      | Reached XP level 4. HP: 30/38 MP: 3/7
  1981 | D:2      | Found a bloodstained altar of Trog.
  2278 | D:2      | Noticed Robin
  2305 | D:2      | Reached XP level 5. HP: 35/44 MP: 3/8
  2309 | D:2      | Killed Robin
  2451 | D:2      | Found a blossoming altar of Fedhas.
  2753 | D:2      | Found a runed translucent door.
  2754 | D:2      | Noticed Crazy Yiuf
  2836 | D:2      | Killed Crazy Yiuf
  2836 | D:2      | Reached skill level 4 in Transmutations
  3204 | D:3      | Found an ancient bone altar of Kikubaaqudgha.
  3228 | D:3      | Found a faded altar of an unknown god.
  3545 | D:3      | Reached XP level 6. HP: 49/51 MP: 5/9
  3634 | D:3      | Noticed Jessica
  3640 | D:3      | Killed Jessica
  4197 | D:4      | Reached skill level 5 in Transmutations
  4745 | D:4      | Reached XP level 7. HP: 57/57 MP: 6/10
  5104 | D:5      | Entered Level 5 of the Dungeon
  5194 | D:5      | Reached skill level 6 in Transmutations
  5198 | D:5      | Reached skill level 5 in Unarmed Combat
  5204 | D:5      | Noticed Duvessa
  5206 | D:5      | Noticed Dowan
  5412 | D:4      | Gained mutation: You are clumsy. (Dex -2) [potion of
                  | mutation]
  5412 | D:4      | Gained mutation: You are robust. (+10% HP) [potion of
                  | mutation]
  5412 | D:4      | Slain by a phantom

Illustrated notes

Levels and vault maps discovered:
D:1:      roderic_octagonal_star, layout_basic
D:2:      layout_basic, lemuel_crystal_altar, overflow_temple_1_default,
          uniq_crazy_yiuf_cottage, uniq_robin
D:3:      layout_loops_corners, old_standard_altar,
          chequers_ecumenical_altar_simple, uniq_jessica
D:4:      layout_loops_ring, hangedman_decor_riveting
D:5:      lemuel_ratsnest, layout_cave_pools, uniq_duvessa

Skill      XL: |  1  2  3  4  5  6  7 |
---------------+----------------------+-----
Transmutations | 3 4 5 6 |  6.3
Poison Magic   | 1 2 3 |  3.0
Unarmed Combat | 4 5 |  5.1
Fighting       | |  1.0
Dodging        | |  1.5
Spellcasting   | |  2.0

Action                   |  1- 3 |  4- 6 |  7- 9 || total
-------------------------+-------+-------+-------++-------
Melee: Unarmed           |    45 |   167 |    44 ||   256
       Headbutt          |     6 |     2 |       ||     8
 Cast: Beastly Appendage |    15 |     3 |       ||    18
       Spider Form       |     3 |    28 |    11 ||    42
 Abil: Spit Poison       |    18 |    14 |     4 ||    36
  Use: Potion            |       |       |     1 ||     1
 Stab: Sleeping          |       |     1 |     1 ||     2
Armor: Robe              |     6 |    11 |     4 ||    21
       Skin              |     2 |    17 |     1 ||    20
Dodge: Dodged            |    37 |   109 |    49 ||   195

Table legend: (Time is in decaauts)
 A = Elapsed time spent in this place.
 B = Non-inter-level travel time spent in this place.
 C = Inter-level travel time spent in this place.
 D = Time resting spent in this place.
 E = Time spent auto-exploring this place.
 F = Levels seen in this place.
 G = Mean time per level.
                   A        B        C        D        E       F      G
               +--------+--------+--------+--------+--------+-----+--------+
         Total |   6358 |   6200 |    158 |    639 |   4831 |   5 | 1271.6 |
       Dungeon |   6358 |   6200 |    158 |    639 |   4831 |   5 | 1271.6 |
               +--------+--------+--------+--------+--------+-----+--------+

Top non-repeatable levels by time:
     D:1: 1903 daAuts
     D:3: 1485 daAuts
     D:2: 1480 daAuts
     D:4: 1366 daAuts
     D:5: 123 daAuts
